 Dungeon Sprint DCSS version 0.20-a0-1122-gb7cbeb9 (webtiles) character file.

130 Dipster the Grappler (level 4, -12/66 HPs)
             Began as a Troll Berserker on May 11, 2017.
             Was a Priest of Trog.
             Mangled by a hell rat (15 damage)
             ... summoned by a deep elf mage
             ... in the Dungeon (Sprint III: "The Ten Rune Challenge").
             The game lasted 00:01:19 (308 turns).

Dipster the Grappler (Troll Berserker)               Turns: 308, Time: 00:01:19

Health: -12/66     AC:  8    Str: 30    XL:     4   Next: 90%
Magic:  3/3        EV: 10    Int:  4    God:    Trog [***...]
Gold:   22         SH:  0    Dex:  9    Spells: 3/3 levels left

rFire    . . .     SeeInvis .     - Unarmed
rCold    + . .     Gourm    +   (no shield)
rNeg     . . .     Faith    .   j - +2 robe {rC+}
rPois    .         Spirit   .   (helmet restricted)
rElec    .         Reflect  .   l - +0 cloak
rCorr    .         Harm     .   (gloves unavailable)
MR       .....     NoTele   +   (boots unavailable)
Stlth    ..........             (no amulet)
Regen    0.7/turn               (no ring)
MPRegen  0.1/turn               (no ring)

@: berserking (expiring), drained, very quick
A: unfitting armour, claws 3, fast metabolism 3, gourmand, regeneration 1,
shaggy fur 1, tough skin 2
a: Berserk, Trog's Hand, Burn Spellbooks, Renounce Religion


You were in the Dungeon.
You worshipped Trog.
Trog was most pleased with you.
You were not hungry.

You visited 1 branch You collected 22 gold pieces.

Inventory:

Hand Weapons
 k - a +2 quarterstaff of chaos
Armour
 a - a +0 animal skin
 j - a +2 robe of cold resistance (worn)
 l - a +0 cloak (worn)
Scrolls
 h - a scroll of blinking
 i - 4 scrolls of identify
 m - 2 scrolls of holy word {unknown}
 n - 3 scrolls of remove curse
Potions
 c - a potion of curing
 d - a potion of heal wounds
 e - a potion of haste
 f - 2 potions of magic
 g - a potion of berserk rage
 p - 3 potions of flight
 r - 5 potions of mutation
Comestibles
 b - 2 bread rations
 o - a meat ration
 q - 4 fruits


   Skills:
 - Level 2.4(1.6) Fighting
 - Level 2.4(1.6) Dodging
 + Level 10.2(9.2) Unarmed Combat


You had 3 spell levels left.
You didn't know any spells.

Dungeon Overview and Level Annotations

Branches:
Dungeon (1/1)

Altars:
Elyvilon
Zin
The Shining One


Innate Abilities, Weirdness & Mutations

You are too large for most types of armour.
You have claws for hands.
Your metabolism is lightning-fast.
You like to eat raw meat.
Your natural rate of healing is unusually fast.
You are covered in fur. (AC +1)
You have very tough skin. (AC +2)


Message History

You completely miss the deep elf mage.
The deep elf mage is lightly wounded.
The redback bites you. The deep elf mage barely misses you.
You closely miss the deep elf mage.
The deep elf mage is lightly wounded.
The jumping spider pounces on you. The jumping spider closely misses you.
The redback bites you.
* * * LOW HITPOINT WARNING * * *
The hell rat barely misses you. The hell rat bites you.
* * * LOW HITPOINT WARNING * * *
You feel drained.
You miss the deep elf mage.
The deep elf mage is lightly wounded.
The jumping spider pounces on you!
* * * LOW HITPOINT WARNING * * *
The jumping spider bites you.
* * * LOW HITPOINT WARNING * * *
The redback closely misses you. The hell rat barely misses you.
The hell rat bites you!
You die...

▓▓▓▓▓ ▓▓▓ #...####
##.#####
#......#####..#rrs#
#.......#..#..#e@s#
##.##.).#..#..###+#+###+#
##.###..##'#..#..........
###.##..###...'.⌠........
#..##..####...#...######+
÷..##..###....#.⌠.#
..##...##.....#...#
.##....#......#+###
###..##.#.....#


You could see a deep elf mage, a jumping spider, a redback and 2 hell rats.

Vanquished Creatures
  A water elemental (D)
  Crazy Yiuf (D)
  Jessica (D)
  A human (D)
  3 rats (D)
7 creatures vanquished.

Vanquished Creatures (others)
  2 draconian scorchers (D)
  6 hellions (D)
  3 yaktaurs (D)
11 creatures vanquished.

Grand Total: 18 creatures vanquished

Notes
Turn   | Place    | Note
-------+----------+-------------------------------------------
     0 | D        | Dipster the Troll Berserker began the quest for the Orb.
     0 | D        | Reached XP level 1. HP: 22/22 MP: 0/0
    23 | D        | Noticed Jessica
    30 | D        | Killed Jessica
    30 | D        | Reached ** piety under Trog
    30 | D        | Reached skill level 6 in Unarmed Combat
    30 | D        | Reached XP level 2. HP: 28/29 MP: 1/1
    75 | D        | Killed a yaktaur
    76 | D        | Killed a yaktaur
    92 | D        | Reached skill level 7 in Unarmed Combat
    92 | D        | Reached XP level 3. HP: 36/36 MP: 2/2
   101 | D        | Killed a yaktaur
   164 | D        | Killed a hellion
   164 | D        | Killed a hellion
   164 | D        | Killed a hellion
   165 | D        | Killed a hellion
   179 | D        | Killed a hellion
   181 | D        | Killed a hellion
   185 | D        | Killed a white draconian scorcher
   193 | D        | Noticed Crazy Yiuf
   197 | D        | Killed Crazy Yiuf
   197 | D        | Reached *** piety under Trog
   197 | D        | Reached skill level 8 in Unarmed Combat
   197 | D        | Reached XP level 4. HP: 44/44 MP: 3/3
   246 | D        | Noticed a water elemental
   250 | D        | Killed a water elemental
   250 | D        | Reached skill level 10 in Unarmed Combat
   272 | D        | Killed a white draconian scorcher
   299 | D        | Found a glowing silver altar of Zin.
   299 | D        | Found a glowing golden altar of the Shining One.
   299 | D        | Found a white marble altar of Elyvilon.
   300 | D        | Noticed a deep elf mage
   302 | D        | Noticed a redback
   306 | D        | Noticed a jumping spider
   308 | D        | HP: 3/66 [jumping spider[a deep elf mage] (1)]
   308 | D        | Mangled by a hell rat

Vault maps used:
D:        dungeon_sprint_mu

Skill      XL: |  1  2  3  4 |
---------------+-------------+-----
Unarmed Combat | 6 7 8 10 | 10.2
Fighting       | |  2.4
Dodging        | |  2.4

Action                   |  1- 3 |  4- 6 || total
-------------------------+-------+-------++-------
Melee: Unarmed           |    17 |     8 ||    25
Invok: Berserk           |     1 |     2 ||     3
  Eat: Chunk             |     1 |     3 ||     4
Armor: Robe              |     2 |     1 ||     3
Dodge: Dodged            |     9 |     8 ||    17
